 Dungeon Crawl Stone Soup version 0.29-a0-577-gafbf2c5d25 (webtiles) character file.

Game seed: 10084985979960511683

5161 kae the Arsonist (level 10, 0/59 HPs)
             Began as a Deep Elf Fire Elementalist on June 13, 2022.
             Was a Believer of Vehumet.
             Killed from afar by an electric eel (4 damage)
             ... with a bolt of electricity
             ... while petrified by a basilisk
             ... on level 8 of the Dungeon.
             The game lasted 00:10:09 (9135 turns).

kae the Arsonist (Deep Elf Fire Elementalist)       Turns: 9135, Time: 00:10:09

Health: 0/59       AC:  8    Str:  5    XL:     10   Next: 33%
Magic:  25/25      EV:  2    Int: 35    God:    Vehumet [**....]
Gold:   1319       SH:  0    Dex: 15    Spells: 14/27 levels left

rFire   + . .      SeeInvis .   v - +5 mace of the Pillar {vorpal, Int+4}
rCold   . . .      Faith    .   (no shield)
rNeg    + + +      Spirit   .   h - +0 robe
rPois   ∞          Reflect  .   g - +2 helmet
rElec   .          Harm     .   (no cloak)
rCorr   .          Rampage  .   i - +1 Delatra's gloves {ID++}
Will    +....                   r - +0 pair of boots
Stlth   ++........              x - amulet of magic regeneration
HPRegen 0.19/turn               k - ring of protection from fire
MPRegen 0.59/turn               D - +6 ring of intelligence

@: petrified
A: no striking features
a: Renounce Religion


You were on level 8 of the Dungeon.
You worshipped Vehumet.
Vehumet was pleased with you.
You visited 2 branches of the dungeon, and saw 9 of its levels.
You also visited: Ossuary and Bailey.

You collected 1490 gold pieces.
You spent 171 gold pieces at shops.

Inventory:

Hand Weapons
 a - a +3 dagger of venom
 b - a +0 trident of protection
 v - the +5 mace of the Pillar (weapon) {vorpal, Int+4}
   (You found it on level 5 of the Dungeon)

   It inflicts extra damage upon your enemies.
   Int:       It affects your intelligence (+4).
Missiles
 C - 2 throwing nets
Armour
 g - a +2 helmet (worn)
 h - a +0 robe (worn)
 i - the +1 Delatra's gloves (worn) {ID++}
   (You found it on level 2 of the Dungeon)

   It heals its wearer when they drink unknown potions.
   It restores its wearer's MP when they read unknown scrolls.
 r - a +0 pair of boots (worn)
 y - the +5 ring mail of Sif Muna's Envy {rElec rC+++ Str-3 Dex+4}
   (You found it in a bailey)

   Str:       It affects your strength (-3).
   Dex:       It affects your dexterity (+4).
   rC:        It renders you almost immune to cold.
   rElec:     It insulates you from electricity.
Jewellery
 k - a ring of protection from fire (left hand)
 o - an amulet of faith
 x - an amulet of magic regeneration (around neck)
 D - a +6 ring of intelligence (right hand)
 I - a ring of fire
Wands
 d - a wand of paralysis (8)
 l - a wand of iceblast (3)
 A - a wand of flame (24)
Scrolls
 c - 5 scrolls of identify
 e - a scroll of fog
 t - 3 scrolls of teleportation
 w - 2 scrolls of amnesia
 B - a scroll of fear
 H - a scroll of enchant weapon
Potions
 f - 5 potions of heal wounds
 j - 4 potions of haste
 m - 5 potions of curing
 n - 2 potions of mutation
 p - a potion of degeneration
 q - 5 potions of lignification
 s - 2 potions of magic
 u - 2 potions of cancellation {unknown}
 z - 2 potions of might
 E - a potion of invisibility {unknown}
 F - 3 potions of flight {unknown}
 G - a potion of attraction {unknown}


   Skills:
 + Level 5.4 Fighting
 + Level 8.4 Dodging
 - Level 2.4 Stealth
 + Level 9.3 Spellcasting
 * Level 10.4 Conjurations
 * Level 11.0 Fire Magic


You had 14 spell levels left.
You knew the following spells:

 Your Spells              Type           Power      Damage    Failure   Level
a - Foxfire               Conj/Fire      100%       2x1d9     1%          1
b - Scorch                Fire           100%       2d10      1%          2
c - Conjure Flame         Conj/Fire      75%        6-21      1%          3
d - Inner Flame           Hex/Fire       53%        N/A       1%          3
e - Flame Wave            Conj/Fire      75%        2d13      1%          4

Your spell library contained the following spells:

 Spells                   Type           Power      Damage    Failure   Level
 Poisonous Vapours        Pois/Air       32%        N/A       4%          2
 Apportation              Tloc           32%        N/A       2%          1
 Necrotize                Necr           64%        1d7       2%          1
 Summon Small Mammal      Summ           64%        N/A       2%          1
 Olgreb's Toxic Radiance  Pois           16%        N/A       26%         4
 Ignition                 Fire           38%        3d11      88%         8
 Ozocubu's Refrigeration  Ice            8%         4d6       100%        7


Dungeon Overview and Level Annotations

Branches:
Dungeon (8/15)             Temple (1/1) D:6            Lair (0/6) D:8
Ossuary (visited)          Bailey (visited)

Altars:
Ashenzari
Dithmenos
Fedhas
Gozag
Hepliaklqana
Nemelex Xobeh
Okawaru
Sif Muna
Trog
Vehumet
Xom
Yredelemnul
Zin
The Shining One

Shops:
D:3 !   D:5 *


Message History

Confirm with . or Enter, or press ? or * to list all spells.
You conjure some foxfire!
The foxfire hits the electric eel but does no damage.
The electric eel is severely wounded.
The foxfire hits the electric eel but does no damage.
The electric eel is severely wounded.
The electric eel is engulfed in a cloud of scalding steam.
You kill the electric eel!
Vehumet accepts your kill.
You feel your power returning. The basilisk gazes at you.
You are slowing down.
The foxfire hits the basilisk.
The basilisk is moderately wounded.
The electric eel shoots out a bolt of lightning at you!
The bolt of electricity hits you!
The foxfire hits the basilisk.
The basilisk is heavily wounded.
Your limbs are stiffening.
Unknown command.
Unknown command.
Unknown command.
Unknown command.
Unknown command.
Unknown command.
The electric eel shoots out a bolt of lightning at you!
The bolt of electricity hits you!
You have turned to stone.
The basilisk gazes at you.
You easily resist.
The electric eel shoots out a bolt of lightning at you!
The bolt of electricity hits you!
* * * LOW HITPOINT WARNING * * *
The electric eel shoots out a bolt of lightning at you!
The bolt of electricity hits you!
* * * LOW HITPOINT WARNING * * *
The electric eel shoots out a bolt of lightning at you!
The bolt of electricity hits you!
* * * LOW HITPOINT WARNING * * *
The electric eel shoots out a bolt of lightning at you!
The bolt of electricity hits you!
You die...

,*,,,,,*..##...#...#*,*****##....
*,,,,,,,.......#...##.......#.#..
,,,,,,,,.......'...##.......#....
,,,,,,,,.......#...##..≈≈≈..#..≈≈
,,,,,,,,...........##....≈..#..≈≈
,,,,,,≈,...........##...≈...#..≈≈
,,,,,≈≈≈≈≈≈........##..≈≈...##.≈)
,,,,≈≈≈,.>≈........##...≈...##.≈)
,,,,≈≈,≈.l≈S....@..##.......'..≈≈
,,..≈≈S.!≈≈........'........##.≈≈
,,..≈§≈)≈≈.........#....)...##.≈≈
,,....≈≈≈≈......####..##)#####.≈≈
,,.....S........# #..##.# #...
*,.............#####..##.# ##.#
*,....................##.# #..
**............######.###.# ###
**#.=..[...#** #.# #.#


You could see a basilisk and an electric eel.

Vanquished Creatures
  A two-headed ogre (D:8)
  Pikel (D:4)
  A steam dragon (D:8)
  2 water moccasins
  2 ice beasts
  A sky beast (D:7)
  A black bear (D:4)
  3 ogres
  4 centaurs
  2 lemures (D:4)
  A kobold brigand (D:6)
  2 necrophages
  6 scorpions
  3 wyvern zombies (Ossuary)
  8 vampire bats (Bailey)
  3 wolf zombies (Bailey)
  2 electric eels (D:8)
  2 centaur zombies (Ossuary)
  6 bullfrog zombies (Ossuary)
  2 orc priests (D:5)
  5 jellies
  5 hounds
  A gnoll shaman (D:7)
  4 iguanas
  Natasha (thrice) (D:4)
  2 orc wizards (D:5)
  16 mummies
  2 howler monkey zombies (Ossuary)
  4 gnolls
  4 adders
  A shadow imp (D:7)
  A white imp (D:8)
  A worm (D:4)
  4 dart slugs
  9 orcs
  10 endoplasms
  3 giant cockroaches
  9 goblins
  7 hobgoblins
  4 jackals (D:3)
  A quokka (D:2)
  8 ball pythons
  6 bats
  2 frilled lizards
  9 kobolds
  21 orc zombies (Bailey)
  8 rats
203 creatures vanquished.

Vanquished Creatures (others)
  2 demonic plants (D:1)
  551 foxfires
  A plant (D:3)
  10 withered plants (Ossuary)
564 creatures vanquished.

Grand Total: 767 creatures vanquished

Notes
Turn   | Place    | Note
-------+----------+-------------------------------------------
     0 | D:1      | kae the Deep Elf Fire Elementalist began the quest for the
                  | Orb.
     0 | D:1      | Reached XP level 1. HP: 10/10 MP: 6/6
   283 | D:1      | Reached XP level 2. HP: 15/15 MP: 5/8
   297 | D:1      | Learned a level 2 spell: Scorch
   517 | D:1      | Found a faded altar of an unknown god.
   517 | D:1      | Noticed a reaper
  1118 | D:2      | Reached XP level 3. HP: 20/20 MP: 4/9
  1124 | D:2      | Learned a level 3 spell: Conjure Flame
  1845 | D:2      | Reached skill level 4 in Fire Magic
  1913 | D:2      | You fall into a shaft and drop 1 floor!
  1975 | D:2      | Reached XP level 4. HP: 24/24 MP: 6/11
  1979 | D:2      | Learned a level 3 spell: Inner Flame
  2135 | D:2      | Found the +1 Delatra's gloves {ID++}
  2168 | D:2      | Reached skill level 5 in Dodging
  2168 | D:2      | Reached skill level 7 in Fire Magic
  2168 | D:2      | Reached XP level 5. HP: 32/32 MP: 12/16
  2170 | D:2      | Reached skill level 9 in Fire Magic
  2170 | D:2      | Reached XP level 6. HP: 39/39 MP: 17/19
  2176 | D:2      | Learned a level 4 spell: Flame Wave
  2548 | D:3      | Found a blossoming altar of Fedhas.
  2882 | D:3      | Found Jell's Distillery.
  2891 | D:3      | Bought a potion of curing for 36 gold pieces
  2891 | D:3      | Bought a potion of mutation for 96 gold pieces
  3146 | D:4      | Noticed Natasha
  3151 | D:4      | Killed Natasha
  3626 | D:4      | Noticed Pikel
  3647 | D:4      | Killed Pikel
  3648 | D:4      | Reached XP level 7. HP: 40/44 MP: 5/20
  3866 | D:4      | Found a glowing silver altar of Zin.
  3898 | D:4      | Noticed Natasha
  3902 | D:4      | Killed Natasha
  4253 | D:4      | Reached XP level 8. HP: 48/48 MP: 14/22
  4411 | D:4      | Reached skill level 10 in Fire Magic
  4611 | D:4      | Noticed Natasha
  4614 | D:4      | Killed Natasha
  4705 | D:5      | Entered Level 5 of the Dungeon
  5063 | D:5      | Found Pesah's General Store.
  5066 | D:5      | Bought a scroll of teleportation for 39 gold pieces
  5269 | D:5      | Found a hazy altar of Hepliaklqana.
  5354 | D:5      | Identified the +5 mace of the Pillar {vorpal, Int+4}
  5594 | D:5      | Found a shadowy altar of Dithmenos.
  5924 | D:6      | Found a bloodstained altar of Trog.
  5953 | D:6      | Found a staircase to the Ecumenical Temple.
  6002 | Temple   | Entered the Ecumenical Temple
  6135 | Temple   | Became a worshipper of Vehumet
  6468 | D:6      | Reached XP level 9. HP: 30/53 MP: 23/23
  6765 | D:6      | Reached skill level 5 in Fighting
  7758 | D:8      | Noticed a two-headed ogre
  7771 | D:8      | Killed a two-headed ogre
  7772 | D:8      | Reached skill level 10 in Conjurations
  7805 | D:8      | Found a flagged portal.
  7811 | D:8      | Reached * piety under Vehumet
  7811 | D:8      | Offered knowledge of Magic Dart by Vehumet.
  7823 | Bailey   | Entered a bailey
  7963 | Bailey   | Reached XP level 10. HP: 27/59 MP: 25/25
  7982 | Bailey   | Reached ** piety under Vehumet
  7993 | Bailey   | Identified the +5 ring mail of Sif Muna's Envy {rElec rC+++
                  | Str-3 Dex+4}
  8028 | Bailey   | Offered knowledge of Freeze by Vehumet.
  8130 | D:8      | Found a sand-covered staircase.
  8140 | Ossuary  | Entered an ossuary
  8401 | Ossuary  | Reached skill level 11 in Fire Magic
  8401 | Ossuary  | Offered knowledge of Poisonous Vapours by Vehumet.
  9070 | D:8      | Identified a scroll of acquirement
  9070 | D:8      | Acquired 1034 gold pieces
  9135 | D:8      | Killed from afar by an electric eel

Illustrated notes

Levels and vault maps discovered:
D:1:      moated_graveyard_arrival, layout_loops_ring,
          dreamdust_ecumenical_altar_sealed_demon
D:2:      layout_basic
D:3:      layout_basic, fedhas_ov_isle_minmay, serial_shops, nicolae_shop_trees,
          minmay_door_square
D:4:      minmay_diamond_boxcup, layout_loops_corners, zin_treasury, uniq_pikel,
          uniq_natasha
D:5:      layout_loops_cross, nicolae_dithmenos_shadow_blocks,
          mainiacjoe_overflow_cross_hatched, serial_shops, kennysheep_mini
D:6:      layout_basic, overflow_temple_1_default,
          minmay_temple_entry_antechambers
D:7:      layout_rooms
D:8:      layout_basic, elyvilon_altar_3, minmay_overflow_temple_star_hex,
          enter_bailey_4, gup_ossuary_entry_pyramid, disabler_island
Temple:   nicolae_temple_figure_zero

Skill      XL: |  1  2  3  4  5  6  7  8  9 10 |
---------------+-------------------------------+-----
Conjurations   | 2 7 8 9 10 | 10.4
Fire Magic     | 4 7 9 10 11 | 11.0
Fighting       | 3 4 5 |  5.4
Dodging        | 5 7 8 |  8.4
Spellcasting   | 6 8 9 |  9.3
Stealth        | |  2.4

Action                   |  1- 3 |  4- 6 |  7- 9 | 10-12 || total
-------------------------+-------+-------+-------+-------++-------
Melee: Trident           |     1 |       |       |       ||     1
       Dagger            |     1 |     1 |     2 |       ||     4
       Mace              |       |       |     2 |     3 ||     5
       Punch             |       |       |       |     1 ||     1
 Cast: Foxfire           |    86 |    41 |   141 |    54 ||   322
       Scorch            |     3 |    13 |    69 |    23 ||   108
       Conjure Flame     |       |     3 |     6 |       ||     9
       Inner Flame       |       |       |     2 |       ||     2
       Flame Wave        |       |       |     1 |     8 ||     9
  Use: Scroll            |     6 |     2 |     8 |     1 ||    17
       Potion            |       |     3 |     1 |       ||     4
 Stab: Sleeping          |       |       |     2 |       ||     2
Armor: Robe              |     1 |     2 |    32 |    21 ||    56
Dodge: Dodged            |     6 |    10 |   102 |    68 ||   186

Table legend: (Time is in decaauts)
 A = Elapsed time spent in this place.
 B = Non-inter-level travel time spent in this place.
 C = Inter-level travel time spent in this place.
 D = Time resting spent in this place.
 E = Time spent auto-exploring this place.
 F = Levels seen in this place.
 G = Mean time per level.
                   A        B        C        D        E       F      G
               +--------+--------+--------+--------+--------+-----+--------+
         Total |   9164 |   8883 |    281 |    689 |   6525 |  11 |  833.1 |
       Dungeon |   7917 |   7667 |    250 |    400 |   6026 |   8 |  989.6 |
        Temple |    145 |    114 |     31 |      0 |    112 |   1 |  145.0 |
       Ossuary |    850 |    850 |      0 |    289 |    387 |   1 |  850.0 |
        Bailey |    251 |    251 |      0 |      0 |      0 |   1 |  251.0 |
               +--------+--------+--------+--------+--------+-----+--------+

Top non-repeatable levels by time:
     D:4: 1614 daAuts
     D:5: 1205 daAuts
     D:2: 1094 daAuts
     D:1: 1044 daAuts
     D:3: 950 daAuts
     D:6: 900 daAuts
 Ossuary: 850 daAuts
     D:7: 725 daAuts
     D:8: 382 daAuts
  Bailey: 251 daAuts
  Temple: 145 daAuts
